 Dungeon Crawl Stone Soup version 0.26-a0-576-gcfaa98f945 (webtiles) character file.

Game seed: 8687277834833464264

60 Descartes the Magician (level 4, -2/21 HPs)
             Began as a Vine Stalker Transmuter on Aug 22, 2020.
             Slain by Terence
             ... wielding a +0 trident
              (7 damage)
             ... on level 2 of the Dungeon.
             The game lasted 00:02:22 (2151 turns).

Descartes the Magician (Vine Stalker Transmuter)    Turns: 2151, Time: 00:02:23

Health: -2/21      AC:  2    Str: 14    XL:     4   Next: 4%
Magic:  0/10       EV: 12    Int: 13    God:
Gold:   69         SH:  0    Dex: 14    Spells: 8/9 levels left

rFire    . . .     SeeInvis .     - Unarmed
rCold    . . .     Faith    .   (no shield)
rNeg     . . .     Spirit   +   a - +0 robe
rPois    .         Reflect  .   (no helmet)
rElec    .         Harm     .   c - scarf {repulsion}
rCorr    .                      (no gloves)
MR       .....                  (no boots)
Stlth    +.........             (no amulet)
HPRegen  0.47/turn              (no ring)
MPRegen  0.12/turn              (no ring)

@: repel missiles
A: fangs 2, regeneration 1, magic shield, antimagic bite, no potion heal 3, rot
immunity
a: no special abilities


You were on level 2 of the Dungeon.
You visited 1 branch of the dungeon, and saw 2 of its levels.

You collected 69 gold pieces.

Inventory:

Missiles
 g - 9 boomerangs (quivered)
 h - 47 stones
 k - 7 datura-tipped darts
 m - 37 bolts
 n - 15 arrows
 q - 9 poisoned darts
Armour
 a - a +0 robe (worn)
 c - a scarf of repulsion (worn)
 i - a +0 cloak
Scrolls
 b - a scroll of remove curse {unknown}
 d - 2 scrolls of identify {unknown}
 e - 2 scrolls of magic mapping {unknown}
 j - a scroll of enchant weapon {unknown}
 o - a scroll of fog {unknown}
 p - a scroll of teleportation {unknown}
Potions
 f - 2 potions of curing {unknown}
 l - a potion of might {unknown}
 r - a potion of stabbing {unknown}
 s - a potion of lignification {unknown}


   Skills:
 - Level 0.8 Fighting
 - Level 1.5 Dodging
 - Level 3.0 Unarmed Combat
 + Level 3.4 Spellcasting
 + Level 3.2 Transmutations


You had 8 spell levels left.
You knew the following spells:

 Your Spells              Type           Power        Failure   Level
a - Beastly Appendage     Tmut           ##....       6%          1

Your spell library contained the following spells:

 Spells                   Type           Power        Failure   Level
 Wereblood                Tmut           ##......     9%          2
 Spider Form              Tmut/Pois      #.........   34%         3
 Ice Form                 Ice/Tmut       #.......     75%         4
 Blade Hands              Tmut           ##........   85%         5


Dungeon Overview and Level Annotations

Branches:
Dungeon (2/15)

Altars:

Annotations:
D:2 Terence


Innate Abilities, Weirdness & Mutations

You have extremely sharp teeth.
Your natural rate of healing is unusually fast.
When hurt, damage is shared between your health and your magic reserves.
Your bite disrupts and absorbs the magic of your enemies.
Potions cannot restore your health.
You are immune to rotting.


Message History

You barely miss Terence. Your bite misses Terence.
Terence is moderately wounded.
Terence hits you with a +0 trident.
You hit Terence but do no damage. You bite Terence, but do no damage.
Terence is moderately wounded.
Terence barely misses you.
You hit Terence but do no damage.
Terence is moderately wounded.
Terence hits you with a +0 trident.
You hit Terence but do no damage. You bite Terence, but do no damage.
Terence is moderately wounded.
Terence hits you with a +0 trident.
You hit Terence but do no damage.
Terence is moderately wounded.
Terence hits you with a +0 trident.
* * * LOW HITPOINT WARNING * * *
You hit Terence. Your bite misses Terence.
Terence is severely wounded.
Terence hits you with a +0 trident!
You die...

#
############
#
#..........#
#
#.########.#
# #.# #.# #
#.# #.# # #.#
#.# #.# #.#
### #.# #@# #
†.## #.#
#@#.#<#
#..####.#
#.....#
...>[...#
#.#####
#...........#
...
#...#######.#
##.## .....#
..# .....#
### ...^.#


You could see Terence.

Vanquished Creatures
  Natasha (D:2)
  2 leopard geckos (D:1)
  A ball python (D:1)
  3 bats (D:1)
  3 giant cockroaches (D:1)
  3 goblins (D:1)
  7 hobgoblins (D:1)
  4 kobolds (D:1)
  A frilled lizard (D:2)
  5 rats (D:1)
30 creatures vanquished.

Notes
Turn   | Place    | Note
-------+----------+-------------------------------------------
     0 | D:1      | Descartes the Vine Stalker Transmuter began the quest for
                  | the Orb.
     0 | D:1      | Reached XP level 1. HP: 9/9 MP: 4/4
    77 | D:1      | Reached XP level 2. HP: 8/14 MP: 2/6
   672 | D:1      | Reached XP level 3. HP: 17/17 MP: 8/8
  1996 | D:2      | Noticed Natasha
  2017 | D:2      | Killed Natasha
  2017 | D:2      | Gained mutation: Your natural rate of healing is unusually
                  | fast. [Vine Stalker growth]
  2017 | D:2      | Reached XP level 4. HP: 2/21 MP: 1/10
  2123 | D:2      | Noticed Terence
  2151 | D:2      | Slain by Terence

Illustrated notes

Levels and vault maps discovered:
D:1:      dpeg_arrival_more_subterranean_lakeside_camping, layout_basic,
          minmay_pentomino_t2
D:2:      layout_basic, hangedman_decor_riveting, minmay_goblin_outpost,
          uniq_sigmund, uniq_terence, uniq_natasha

Skill      XL: |  1  2  3 |
---------------+----------+-----
Spellcasting   | 3 |  3.4
Transmutations | 3 |  3.2
Fighting       | |  0.8
Dodging        | |  1.5
Unarmed Combat | |  3.0

Action                   |  1- 3 |  4- 6 || total
-------------------------+-------+-------++-------
Melee: Unarmed           |   110 |    21 ||   131
       Bite              |    16 |     6 ||    22
       Punch             |     4 |       ||     4
 Stab: Sleeping          |     1 |       ||     1
Armor: Robe              |    20 |       ||    20
Dodge: Dodged            |    59 |    10 ||    69
       Repelled          |     1 |       ||     1

Table legend: (Time is in decaauts)
 A = Elapsed time spent in this place.
 B = Non-inter-level travel time spent in this place.
 C = Inter-level travel time spent in this place.
 D = Time resting spent in this place.
 E = Time spent auto-exploring this place.
 F = Levels seen in this place.
 G = Mean time per level.
                   A        B        C        D        E       F      G
               +--------+--------+--------+--------+--------+-----+--------+
         Total |   2144 |   2117 |     27 |      0 |   1830 |   2 | 1072.0 |
       Dungeon |   2144 |   2117 |     27 |      0 |   1830 |   2 | 1072.0 |
               +--------+--------+--------+--------+--------+-----+--------+

Top non-repeatable levels by time:
     D:1: 1968 daAuts
     D:2: 176 daAuts
